 Dungeon Crawl Stone Soup version 0.19-a0-1866-ge6f2195 (webtiles) character file.

2840 Karnivor the Conjurer (level 9, -12/47 HPs)
             Began as a Gargoyle Earth Elementalist on Oct 12, 2016.
             Mangled by an orc warrior
             ... wielding a +0 halberd
              (25 damage)
             ... on level 6 of the Dungeon.
             The game lasted 00:46:12 (11247 turns).

Karnivor the Conjurer (GrEE)                       Turns: 11247, Time: 00:46:13

Health: -12/47     AC: 10    Str: 12 (13) XL:     9   Next: 74%
Magic:  3/16       EV: 17    Int: 16 (18) God:
Gold:   309        SH:  0    Dex: 14 (15) Spells: 5 memorised, 3 levels left

rFire  . . .     SeeInvis .     j - +1 mace
rCold  . . .     Gourm    .     c - +0 robe
rNeg   + . .     Faith    .     (no shield)
rPois  ∞         Spirit   .     (no helmet)
rElec  +         Dismiss  .     B - +2 cloak
rCorr  .         Reflect  .     (no gloves)
MR     .....     Harm     .     (no boots)
Stlth  +++.......               (no amulet)
                                (no ring)
                                (no ring)

@: agile
A: negative energy resistance 1, electricity resistance, unbreathing,
petrification resistance, rot immunity, AC +5
a: no special abilities


You were on level 6 of the Dungeon.
You were not hungry.

You visited 1 branch of the dungeon, and saw 6 of its levels.

You collected 309 gold pieces.

Inventory:

Hand Weapons
 j - a +1 mace (weapon)
Missiles
 b - 260 stones (quivered)
Armour
 c - a +0 robe (worn)
 B - a +2 cloak (worn)
Jewellery
 r - an uncursed ring of fire
Wands
 h - a wand of iceblast (0/15)
 o - a wand of iceblast (10/15)
 v - a wand of paralysis (10/24)
 y - a wand of random effects (29/48)
Scrolls
 f - 4 scrolls of remove curse
 m - 3 scrolls of recharging
Potions
 i - a potion of agility
 k - 2 potions of invisibility
 l - 2 potions of might
Books
 e - a book of Geomancy

   Spells                             Type                      Level
   a - Sandblast                      Earth                        1
   b - Passwall                       Transmutation/Earth          2
   c - Stone Arrow                    Conjuration/Earth            3
   d - Petrify                        Transmutation/Earth          4
   e - Lee's Rapid Deconstruction     Earth                        5
 t - a book of Minor Magic

   Spells                             Type                      Level
   a - Magic Dart                     Conjuration                  1
   b - Blink                          Translocation                2
   c - Call Imp                       Summoning                    2
   d - Repel Missiles                 Charms/Air                   2
   e - Slow                           Hexes                        2
   f - Conjure Flame                  Conjuration/Fire             3
   g - Mephitic Cloud                 Conjuration/Poison/Air       3
Comestibles
 a - 4 fruits
 d - 5 bread rations


   Skills:
 + Level 1.3 Fighting
 + Level 1.0 Maces & Flails
 * Level 1.9 Armour
 + Level 2.2 Dodging
 - Level 2.1 Stealth
 + Level 5.3 Spellcasting
 + Level 7.3 Conjurations
   Level 0.7 Transmutations
 + Level 7.1 Fire Magic
 + Level 7.3 Earth Magic
 + Level 1.0 Evocations


You had 3 spell levels left.
You knew the following spells:

 Your Spells              Type           Power        Failure   Level  Hunger
a - Sandblast             Erth           ####..       1%          1    None
b - Stone Arrow           Conj/Erth      ####..       1%          3    ###....
c - Conjure Flame         Conj/Fire      ####....     1%          3    ###....
d - Mephitic Cloud        Conj/Pois/Air  ##......     17%         3    ###....
e - Lee's Rapid Deconstr  Erth           ####......   21%         5    ######.


Dungeon Overview and Level Annotations

Branches:
Dungeon (6/15)
 Temple: D:4-7

Altars:
Ashenzari
Makhleb
Sif Muna
Trog
Uskayaw
Xom
The Shining One

Annotations:
D:6 meatyocre's ghost, novice MiMo


Innate Abilities, Weirdness & Mutations

You are resistant to torment.
Your stone body is resilient. (AC +5)
You are immune to poison.
You resist negative energy. (rN+)
You are resistant to electric shocks. (rElec)
You can survive without breathing.
You are immune to petrification.
You are immune to rotting.


Message History

Casting: Stone Arrow
Confirm with . or Enter, or press ? or * to list all spells.
You don't have enough magic to cast that spell.
Unknown command.
Casting: Stone Arrow
Confirm with . or Enter, or press ? or * to list all spells.
Aiming: Sandblast
Press: ? - help, Shift-Dir - straight line, f/p - orc warrior
Aim: an orc warrior, wielding a halberd and wearing a runed plate armour (severely wounded)
The blast of sand hits the orc warrior.
The orc warrior is severely wounded.
You feel agile all of a sudden.
The orc warrior hits you with a halberd!
* * * LOW HITPOINT WARNING * * *
The orc warrior closely misses you.
You see here a giant spiked club.
There is a stone staircase leading up here.
The orc warrior hits you from afar with a halberd!!
Ouch! That really hurt!
You die...

###.....### #.........#
.).#.........##.
#.............
###.......# #.)......##
#o#......## #
#.#o.......#. #
#@#...##._... # #####
#.#...# ..# ######...#
#.#...##..# .........#
#......#..##
######...###
###........##.o#.#
##....# #............#.#
####.# #...#####......
### #.# #.........##.###
..#
#.#######...#####.......


You could see an orc warrior.

Vanquished Creatures
  The ghost of gribnar the Insei, a novice OpTm of Okawaru (D:5)
  Sigmund (D:4)
  Eustachio (D:6)
  Duvessa (D:4)
  The ghost of shummie the Sneak, an amateur HEEn (D:4)
  An orc warrior (D:6)
  A black bear (D:6)
  4 ogres
  A phantom (D:4)
  A centaur (D:6)
  4 bullfrogs
  Dowan (D:4)
  2 scorpions
  A howler monkey (D:4)
  5 crimson imps
  2 bullfrog skeletons (D:5)
  6 hounds
  2 jellies (D:6)
  5 orc priests
  An orc wizard (D:5)
  An iguana (D:5)
  2 worker ants (D:4)
  2 worker ant zombies (D:5)
  A howler monkey skeleton (D:6)
  7 adders
  An adder skeleton (D:6)
  2 worms
  2 dart slugs (D:4)
  4 leopard geckos
  10 orcs
  4 giant cockroaches
  12 goblins
  5 hobgoblins
  8 jackals
  3 quokkas
  4 ball pythons
  8 bats
  3 frilled lizards
  2 goblin skeletons (D:4)
  6 hobgoblin zombies (D:4)
  12 kobolds
  A kobold skeleton (D:4)
  2 kobold zombies (D:4)
  3 orc zombies (D:4)
  A quokka zombie (D:5)
  6 rats
154 creatures vanquished.

Notes
Turn   | Place    | Note
-------+----------+-------------------------------------------
     0 | D:1      | Karnivor the Gargoyle Earth Elementalist began the quest for the Orb.
     0 | D:1      | Reached XP level 1. HP: 10/10 MP: 3/3
   708 | D:1      | Reached XP level 2. HP: 15/15 MP: 3/5
  1665 | D:1      | Reached XP level 3. HP: 19/19 MP: 7/7
  1761 | D:1      | Learned a level 3 spell: Stone Arrow
  2776 | D:2      | Reached XP level 4. HP: 24/24 MP: 8/8
  2862 | D:2      | Learned a level 3 spell: Conjure Flame
  2980 | D:2      | Reached skill level 1 in Conjurations
  3326 | D:2      | Reached skill level 1 in Fire Magic
  4032 | D:3      | Reached skill level 5 in Earth Magic
  4032 | D:3      | Reached XP level 5. HP: 28/28 MP: 3/9
  4338 | D:3      | Found a shimmering altar of Xom.
  4957 | D:4      | Noticed a phantom
  4976 | D:4      | Killed a phantom
  4976 | D:4      | Reached XP level 6. HP: 30/32 MP: 1/10
  5150 | D:4      | Found a burning altar of Makhleb.
  5153 | D:4      | Found a hide-covered altar of Uskayaw.
  5154 | D:4      | Found a deep blue altar of Sif Muna.
  5196 | D:4      | Found a shattered altar of Ashenzari.
  5278 | D:4      | Noticed Sigmund
  5774 | D:4      | Found a glowing golden altar of the Shining One.
  5826 | D:4      | Noticed shummie's ghost (amateur HEEn)
  5845 | D:4      | Noticed Duvessa
  5847 | D:4      | Noticed Dowan
  6010 | D:4      | Learned a level 3 spell: Mephitic Cloud
  6039 | D:4      | Killed Sigmund
  6039 | D:4      | Reached XP level 7. HP: 36/36 MP: 6/12
  6971 | D:4      | Killed Duvessa
  6997 | D:4      | Killed Dowan
  7229 | D:5      | Entered Level 5 of the Dungeon
  7343 | D:4      | Killed shummie's ghost
  7343 | D:4      | Reached XP level 8. HP: 38/41 MP: 1/14
  7442 | D:5      | Noticed gribnar's ghost (novice OpTm)
  7482 | D:4      | Reached skill level 5 in Conjurations
  7578 | D:4      | Reached skill level 5 in Fire Magic
  8515 | D:5      | Learned a level 5 spell: Lee's Rapid Deconstruction
  8565 | D:5      | Killed gribnar's ghost
  9209 | D:6      | Reached XP level 9. HP: 45/45 MP: 8/16
  9239 | D:6      | Noticed Eustachio
  9474 | D:6      | Killed Eustachio
  9718 | D:6      | Reached skill level 5 in Spellcasting
  9922 | D:6      | Upgraded the game from 0.19-a0-1856-g32653aa to 0.19-a0-1866-ge6f2195
  9970 | D:6      | Found a bloodstained altar of Trog.
  9971 | D:6      | Noticed meatyocre's ghost (novice MiMo)
 10354 | D:6      | Reached skill level 1 in Armour
 10544 | D:6      | Found a burning altar of Makhleb.
 10557 | D:6      | Reached skill level 1 in Maces & Flails
 10707 | D:6      | Reached skill level 1 in Fighting
 10707 | D:6      | Reached skill level 1 in Evocations
 11247 | D:6      | Mangled by an orc warrior

Vault maps used:
D:1:      dpeg_arrival_morbid_curiosity, minmay_small_reverse_x
D:2:      first_bread
D:3:      xom_butterflies
D:4:      old_standard_altar, grunt_temple_overflow_open, hex_large,
          nicolae_tso_besieged_by_evil, uniq_sigmund, uniq_duvessa
D:5:      enter_ossuary_5
D:6:      kennysheep_little_box, bloody_trog, basic_altar,
          trog_three_pillars_becter, uniq_eustachio

Skill      XL: |  1  2  3  4  5  6  7  8  9 |
---------------+----------------------------+-----
Earth Magic    | 4 5 6 7 |  7.3
Conjurations   | 1 2 3 4 6 7 |  7.3
Fire Magic     | 1 2 3 4 6 7 |  7.1
Spellcasting   | 3 4 5 |  5.3
Armour         | 1 |  1.9
Dodging        | 2 |  2.2
Maces & Flails | 1 |  1.0
Fighting       | 1 |  1.3
Evocations     | 1 |  1.0
Stealth        | |  2.1
Transmutations | |  0.7

Action                   |  1- 3 |  4- 6 |  7- 9 || total
-------------------------+-------+-------+-------++-------
Melee: Club              |     1 |       |       ||     1
       Mace              |    70 |   125 |   311 ||   506
 Cast: Sandblast         |    48 |    30 |    90 ||   168
       Stone Arrow       |       |     4 |    82 ||    86
       Mephitic Cloud    |       |     1 |     1 ||     2
       Lee's Rapid Decon |       |       |     1 ||     1
Evoke: Wand              |       |       |     3 ||     3
  Use: Scroll            |     5 |     3 |     7 ||    15
       Potion            |       |       |     8 ||     8
 Stab: Sleeping          |     3 |     3 |       ||     6
  Eat: Chunk             |     6 |     8 |     7 ||    21
       Meat ration       |       |     1 |     1 ||     2
       Royal jelly       |       |       |     3 ||     3
       Beef jerky        |       |       |     1 ||     1
       Pizza             |       |       |     2 ||     2
Armor: Robe              |    46 |    67 |   222 ||   335
       Skin              |       |       |    22 ||    22
Dodge: Dodged            |    99 |   121 |   320 ||   540
